 Dungeon Crawl Stone Soup version 0.29-a0-330-g52719c12eb (webtiles) character file.

Game seed: 3487717121297899399

270 dohliylev the Ruffian (level 6, -1/57 HPs)
             Began as a Troll Warper on May 27, 2022.
             Was an Initiate of Okawaru.
             Slain by a quokka (4 damage)
             ... on level 4 of the Dungeon.
             The game lasted 00:06:52 (2607 turns).

dohliylev the Ruffian (Troll Warper)                Turns: 2607, Time: 00:06:53

Health: -1/57      AC:  4    Str: 22    XL:     6   Next: 1%
Magic:  5/7        EV: 10    Int:  9    God:    Okawaru [......]
Gold:   219        SH:  0    Dex:  9    Spells: 5/7 levels left

rFire   . . .      SeeInvis .     - Unarmed
rCold   . . .      Faith    .   (no shield)
rNeg    . . .      Spirit   .   a - +0 robe
rPois   .          Reflect  .   (helmet restricted)
rElec   .          Harm     .   (no cloak)
rCorr   .          Rampage  .   (gloves unavailable)
Will    .....                   (boots unavailable)
Stlth   +.........              (no amulet)
HPRegen 0.99/turn               (no ring)
MPRegen 0.10/turn               (no ring)

@: studying Axes
A: large, unfitting armour, claws 3, regeneration 1, shaggy fur 1, tough skin 1
a: Renounce Religion


You were on level 4 of the Dungeon.
You worshipped Okawaru.
Okawaru was noncommittal.
You visited 2 branches of the dungeon, and saw 5 of its levels.

You collected 219 gold pieces.

Inventory:

Missiles
 j - a large rock (quivered)
Armour
 a - a +0 robe (worn)
Scrolls
 b - a scroll of blinking
 d - 4 scrolls of identify {unknown}
 h - 2 scrolls of noise {unknown}
 l - 3 scrolls of amnesia {unknown}
 m - a scroll of immolation {unknown}
Potions
 e - a potion of might {unknown}
 f - a potion of curing {unknown}
 g - a potion of attraction {unknown}
 i - a potion of cancellation {unknown}
 k - a potion of mutation {unknown}


   Skills:
 + Level 2.1 Fighting
 + Level 1.0 Throwing
 + Level 2.9 Dodging
 + Level 5.0 Unarmed Combat
 + Level 1.3 Spellcasting
 + Level 2.4 Translocations


You had 5 spell levels left.
You knew the following spells:

 Your Spells              Type           Power      Damage    Failure   Level
a - Blink                 Tloc           10%        N/A       21%         2

Your spell library contained the following spells:

 Spells                   Type           Power      Damage    Failure   Level
 Beastly Appendage        Tmut           0%         N/A       34%         1
 Gell's Gravitas          Tloc           5%         N/A       36%         3
 Lesser Beckoning         Tloc           5%         N/A       36%         3
 Teleport Other           Tloc           5%         N/A       36%         3
 Wereblood                Tmut           0%         N/A       47%         2
 Confusing Touch          Hex            0%         N/A       71%         3
 Spider Form              Tmut/Pois      0%         N/A       71%         3
 Manifold Assault         Tloc           5%         N/A       98%         5
 Yara's Violent Unravell  Hex/Tmut       0%         3d3       100%        5
 Enfeeble                 Hex            0%         N/A       100%        7


Dungeon Overview and Level Annotations

Branches:
Dungeon (4/15)             Temple (1/1) D:4

Altars:
Ashenzari
Cheibriados
Dithmenos
Elyvilon
Fedhas
Gozag
Hepliaklqana
Kikubaaqudgha
Makhleb
Nemelex Xobeh
Okawaru
Qazlal
Ru
Trog
Uskayaw
Vehumet
Wu Jian
Xom
Yredelemnul
Zin
The Shining One

Annotations:
D:4 Blork the orc


Innate Abilities, Weirdness & Mutations

You are too large for most types of armour.
You have claws for hands.
Your natural rate of healing is unusually fast.
You are covered in fur. (AC +1)
You have tough skin. (AC +1)


Message History

Unknown command.
Unknown command.
j - 3 large rocks Blork the orc points at you and mumbles some strange words.
The puff of flame hits you! Blork the orc casts a spell at you.
The puff of frost hits you! The quokka barely misses you.
Casting: Blink (safe; 21% risk of failure)
Confirm with . or Enter, or press ? or * to list all spells.
You blink.
Blork the orc casts a spell at you. The magic dart hits you!
The kobold brigand shoots a bolt.
The bolt barely misses you.
Throw: 3 large rocks
Press: ? - help, Q - select action, (/) - cycle Shift-Dir - straight line, f/p - Blork the orc
Aim: Blork the orc, wielding a +0 mace and wearing a +0 robe (fast, 58% to hit)
You throw a large rock.
The large rock completely misses Blork the orc.
Blork the orc looks angry.
The kobold brigand shoots a bolt.
The bolt barely misses you.
Blork the orc points at you and mumbles some strange words.
The puff of frost hits you.
The kobold brigand shoots a bolt.
The bolt hits you.
Throw: 2 large rocks
Press: ? - help, Q - select action, (/) - cycle Shift-Dir - straight line, f - kobold brigand, p - Blork the orc
Aim: a kobold brigand, wielding a +0 hand crossbow (45% to hit)
You throw a large rock.
The large rock closely misses the kobold brigand.
Blork the orc points at you and mumbles some strange words.
The puff of frost hits you!
* * * LOW HITPOINT WARNING * * *
Blork the orc hits you with a +0 mace.
* * * LOW HITPOINT WARNING * * *
The quokka barely misses you.
You feel stable enough to blink again. Blork the orc closely misses you.
Blork the orc attacks as you move away! Blork the orc hits you with a +0 mace!
* * * LOW HITPOINT WARNING * * *
The quokka attacks as you move away! The quokka bites you.
You die...

##........##########
#.....#......##...##
###......#....#.....
#...........#.....
##....#.#.........
###...###.#....#.... #
##...###...##...##...
##.#..#........#........
##..#...@##..>..##.......
......ro.#........#..... ##.
..#.).#.K.##...###...#...
...##.##.......#.###.....#...
#..... ##......#.#....# ##...
#....###............... ....
#.....##.......#.....#......
#.............[...#
##<...#..............


You could see Blork the orc (fast), a kobold brigand and a quokka.

Vanquished Creatures
  An ogre (D:3)
  A phantom (D:4)
  3 adders
  2 worms (D:2)
  2 dart slugs
  2 orcs (D:3)
  5 bats
  5 endoplasms
  2 giant cockroaches
  3 goblins
  7 hobgoblins
  13 jackals (D:1)
  5 quokkas
  7 ball pythons
  2 frilled lizards
  4 kobolds
  9 rats
73 creatures vanquished.

Vanquished Creatures (others)
  2 plants (D:1)
2 creatures vanquished.

Grand Total: 75 creatures vanquished

Notes
Turn   | Place    | Note
-------+----------+-------------------------------------------
     0 | D:1      | dohliylev the Troll Warper began the quest for the Orb.
     0 | D:1      | Reached XP level 1. HP: 19/19 MP: 1/1
   100 | D:1      | Reached XP level 2. HP: 25/28 MP: 3/3
   154 | D:1      | Learned a level 2 spell: Blink
   338 | D:1      | Reached XP level 3. HP: 35/35 MP: 4/4
   894 | D:2      | Identified the +3 leather armour "Damnable Contraption"
                  | {rPois rF- Dex+9 Slay+5}
   944 | D:2      | Reached skill level 3 in Unarmed Combat
  1213 | D:2      | Reached XP level 4. HP: 42/42 MP: 5/5
  1407 | D:2      | Found a faded altar of an unknown god.
  2110 | D:3      | Noticed an ogre
  2127 | D:3      | Killed an ogre
  2128 | D:3      | Reached skill level 4 in Unarmed Combat
  2128 | D:3      | Reached XP level 5. HP: 44/49 MP: 6/6
  2345 | D:4      | Noticed a phantom
  2355 | D:4      | Killed a phantom
  2356 | D:4      | Reached skill level 1 in Throwing
  2356 | D:4      | Reached skill level 5 in Unarmed Combat
  2378 | D:4      | Found a staircase to the Ecumenical Temple.
  2402 | D:4      | Noticed Blork the orc
  2408 | D:4      | Reached XP level 6. HP: 45/57 MP: 7/7
  2424 | Temple   | Entered the Ecumenical Temple
  2556 | Temple   | Became a worshipper of Warmaster Okawaru
  2606 | D:4      | HP: 2/57 [Blork the orc/+0 mace (10)]
  2607 | D:4      | Slain by a quokka

Illustrated notes

Levels and vault maps discovered:
D:1:      eino_arrival_water_cross, layout_loops_ring
D:2:      layout_loops_ring, basic_ecumenical_altar
D:3:      layout_loops_corners
D:4:      layout_cave_pools, lemuel_round_altar, minmay_temple_entry_slanted,
          grunt_ministairs_12, uniq_duvessa, uniq_blork_the_orc
Temple:   compressed_dpeg_circular_temple

Skill      XL: |  1  2  3  4  5 |
---------------+----------------+-----
Dodging        | 2 |  2.9
Unarmed Combat | 3 4 5 |  5.0
Fighting       | 2 |  2.1
Throwing       | 1 |  1.0
Spellcasting   | |  1.3
Translocations | |  2.4

Action                   |  1- 3 |  4- 6 || total
-------------------------+-------+-------++-------
Melee: Unarmed           |   120 |    58 ||   178
       Punch             |     2 |       ||     2
Throw: Boomerang         |       |     7 ||     7
       Large rock        |       |     8 ||     8
 Cast: Blink             |       |     2 ||     2
 Stab: Sleeping          |     1 |     1 ||     2
Armor: Robe              |    40 |    13 ||    53
Dodge: Dodged            |    64 |    41 ||   105

Table legend: (Time is in decaauts)
 A = Elapsed time spent in this place.
 B = Non-inter-level travel time spent in this place.
 C = Inter-level travel time spent in this place.
 D = Time resting spent in this place.
 E = Time spent auto-exploring this place.
 F = Levels seen in this place.
 G = Mean time per level.
                   A        B        C        D        E       F      G
               +--------+--------+--------+--------+--------+-----+--------+
         Total |   2606 |   2514 |     92 |      0 |   1979 |   5 |  521.2 |
       Dungeon |   2448 |   2380 |     68 |      0 |   1880 |   4 |  612.0 |
        Temple |    157 |    133 |     24 |      0 |     99 |   1 |  157.0 |
               +--------+--------+--------+--------+--------+-----+--------+

Top non-repeatable levels by time:
     D:3: 807 daAuts
     D:2: 803 daAuts
     D:1: 726 daAuts
  Temple: 157 daAuts
     D:4: 111 daAuts
